 Dungeon Crawl Stone Soup version 0.21-a0-421-gfc1ce30 (webtiles) character file.

8 hazymike the Caller (level 2, -1/19 HPs)
             Began as a Merfolk Summoner on Nov 4, 2017.
             Slain by Terence
             ... wielding a +2 flail of draining
              (3 damage)
             ... on level 2 of the Dungeon.
             The game lasted 00:07:53 (983 turns).

hazymike the Caller (Merfolk Summoner)               Turns: 983, Time: 00:07:55

Health: -1/19      AC:  2    Str:  8    XL:     2   Next: 8%
Magic:  4/5        EV: 12    Int: 14    God:
Gold:   15         SH:  0    Dex: 14    Spells: 4/5 levels left

rFire    . . .     SeeInvis .   (no weapon)
rCold    . . .     Gourm    .   (no shield)
rNeg     . . .     Faith    .   a - +0 robe
rPois    .         Spirit   .   (no helmet)
rElec    .         Reflect  .   (no cloak)
rCorr    .         Harm     .   (no gloves)
MR       .....                  (no boots)
Stlth    ++........             (no amulet)
HPRegen  0.06/turn              (no ring)
MPRegen  0.09/turn              (no ring)

@: drained
A: change form in water, swift swim, stealthy swim
a: no special abilities


You were on level 2 of the Dungeon.
You were not hungry.

You visited 1 branch of the dungeon, and saw 2 of its levels.

You collected 15 gold pieces.

Inventory:

Hand Weapons
 g - a +0 whip
 l - a +1 short sword of holy wrath
Missiles
 f - 6 tomahawks (quivered)
 k - 20 poisoned needles
Armour
 a - a +0 robe (worn)
Jewellery
 e - a cursed ring of loudness {unknown}
Scrolls
 d - 4 scrolls of teleportation {unknown}
 i - 2 scrolls of identify {unknown}
Potions
 j - a potion of heal wounds {unknown}
Books
 b - a book of Callings

   Spells                             Type                      Level
   a - Summon Small Mammal            Summoning                    1
   b - Call Imp                       Summoning                    2
   c - Call Canine Familiar           Summoning                    3
   d - Summon Guardian Golem          Hexes/Summoning              3
   e - Summon Lightning Spire         Summoning/Air                4
   f - Summon Ice Beast               Ice/Summoning                4
Comestibles
 c - 4 bread rations
 h - 2 fruits


   Skills:
 - Level 2.6(2.0) Dodging
 - Level 2.1(1.5) Stealth
 + Level 2.3(1.7) Spellcasting
 + Level 4.2(3.5) Summonings


You had 4 spell levels left.
You knew the following spells:

 Your Spells              Type           Power        Failure   Level  Hunger
a - Summon Small Mammal   Summ           ##..         5%          1    ##.....


Dungeon Overview and Level Annotations

Branches:
Dungeon (2/15)

Altars:

Annotations:
D:2 Terence


Message History

3 stones; 2 inedible chunks of flesh
There is a stone staircase leading down here.
There is an open door here.
There is a stone staircase leading down here.
You climb downwards.
Terence the Incautious comes into view.
He is wielding a flail of draining.
Terence shouts!
You hear a shout! x2
Terence hits you with a flail of draining.
You feel drained.
There is a stone staircase leading up here.
Casting: Summon Small Mammal
Confirm with . or Enter, or press ? or * to list all spells.
Terence misses you.
A goblin comes into view.
The goblin hits your rat.
Terence hits you with a flail of draining!
Ouch! That really hurt!
* * * LOW HITPOINT WARNING * * *
You feel drained.
You die...

#.#
#.#
#.#
###
#.###
...
#.g.
#.##r#
#..<.#
#.#@.#
#...@#
##.#.#
#.#..
#.####
.. ..


You could see Terence, a goblin and a friendly rat.

Vanquished Creatures
  A bat (D:1)
  A goblin (D:1)
  A frilled lizard (D:1)
  A rat (D:1)
4 creatures vanquished.

Vanquished Creatures (collateral kills)
  A bat (D:1)
  A giant cockroach (D:1)
  A hobgoblin (D:1)
  3 kobolds (D:1)
6 creatures vanquished.

Grand Total: 10 creatures vanquished

Notes
Turn   | Place    | Note
-------+----------+-------------------------------------------
     0 | D:1      | hazymike the Merfolk Summoner began the quest for the Orb.
     0 | D:1      | Reached XP level 1. HP: 13/13 MP: 3/3
   610 | D:1      | Reached XP level 2. HP: 19/19 MP: 5/5
   980 | D:2      | Noticed Terence
   983 | D:2      | Slain by Terence

Vault maps used:
D:1:      dpeg_arrival_houses_and_road
D:2:      grunt_temple_overflow_forces_of_nature, first_bread, uniq_terence,
          uniq_sigmund

Action                   || total
-------------------------++-------
Melee: Unarmed           ||     2
Throw: Tomahawk          ||     4
 Cast: Summon Small Mamm ||    20
Dodge: Dodged            ||     4

Table legend:
 A = Spawn XP
 B = Non-spawn XP
 C = Spawn XP percentage of total XP
 D = Spawn monster count
 E = Non-spawn monster count
 F = Spawn count percentage of total count
 G = Total turns spent on level
                    A         B        C        D         E        F      G
               +---------+---------+-------+---------+---------+-------+---------
         Total |       0 |      12 |   0.0 |       0 |      10 |   0.0 |   983
               +---------+---------+-------+---------+---------+-------+---------
           D:1 |       0 |      12 |   0.0 |       0 |      10 |   0.0 |   978
               +---------+---------+-------+---------+---------+-------+---------
